[Event "Live Chess"]
[Site "Chess.com"]
[Date "2023.05.20"]
[Round "-"]
[White "BillythekidFellowes"]
[Black "LanceMaster23"]
[Result "1-0"]
[WhiteElo "2035"]
[BlackElo "1867"]
[TimeControl "300"]
[EndTime "13:06:23 PDT"]
[Termination "BillythekidFellowes won on time"]

1. e4 c5 2. Nf3 Nc6 3. Bb5 Qc7 4. Nc3 e6 5. Bxc6 bxc6 6. d4 cxd4 7. Nxd4 Nf6 8. O-O Be7 9. f4 d6 10. Be3 e5 11.
fxe5 dxe5 12. Nf5 Bxf5 13. Rxf5 O-O 14. Qe2 Rad8 15. h3 Qd7 16. Rxe5 Bd6 17. Ra5 Rfe8 18.
Rxa7 Qe6 19. Rf1 Nxe4 20. Bd4 Nxc3 21. Qxe6 Rxe6 22. bxc3 f6 23. Rb1 Rde8 24. Rbb7 Re1+ 25. Kf2 R1e2+ 26. Kf3 Bf8 27. h4 c5 28. Bf2 Rxc2 29.
h5 h6 30. Rb1 c4 31. Bd4 Ree2 32. Ra8 Kf7 33. Rb7+ Re7 34. Rxf8+ Kxf8 35. Bc5 Rxc3+ 36.
Kf4 Re3 37. Rb8+ Kf7 38. Bxe3 1-0

[Event "Live Chess"]
[Site "Chess.com"]
[Date "2023.05.20"]
[Round "-"]
[White "LozzaLoaf"]
[Black "EdvancedChess"]
[Result "0-1"]
[WhiteElo "241"]
[BlackElo "1898"]
[TimeControl "300"]
[EndTime "13:06:23 PDT"]
[Termination "EdvancedChess won by checkmate"]

1. d4 Nf6 2. Nc3 g6 3. e4 Bg7 4. e5 Ng8 5. Nf3 d6 6. exd6 cxd6 7. d5 Nf6 8. Bf4 O-O 9. Nh4 Nbd7 10. g3 Nc5 11. b3 Qa5 12. Bd2 Bg4 13. f3 Bd7 14. g4 Rac8 15. g5 Nh5 16. Rg1 Bxc3 17. Bxc3 Qxc3+ 18. Qd2 Qxa1+ 19. Qd1 Qxa2 20. f4 Nxf4 21. Nxg6 hxg6 22.
h3 Ne4 23. h4 Qxc2 24. h5 Qxd1+ 25. Kxd1 Nxh5 26. Rh1 Nf2+ 27. Ke1 Nxh1 28. Bg2 Rc1+ 29. Kd2 Rg1 30. Bxh1 Rxh1 31. b4 Rh4 32. Kc3 Rc8+ 33. Kb3 f6 34. Ka3 fxg5 35. Kb3 g4 36. b5 b6 37. Kb4 g3+ 38. Kb3 g2 39. Kb2 g1=R 40.
Kb3 Rg3+ 41. Kb2 Rh2+ 42. Kb1 Rg1# 0-1

[Event "Live Chess"]
[Site "Chess.com"]
[Date "2023.05.20"]
[Round "-"]
[White "Sacbutt"]
[Black "Bot_Boy"]
[Result "1-0"]
[WhiteElo "2197"]
[BlackElo "330"]
[TimeControl "300"]
[EndTime "13:06:25 PDT"]
[Termination "Sacbutt won on time"]

1. d4 d6 2. e4 e5 3. dxe5 dxe5 4. Qxd8+ Kxd8 5. Bc4 Ke8 6. Nc3 Nf6 7. Nf3 Nc6 8.
Bg5 Be7 9. O-O-O Bg4 10. Bxf6 gxf6 11. Bb5 Rd8 12. Rxd8+ Bxd8 13. Nd2 Be6 14. a3 a6 15. Bxc6+ bxc6 16. Na4 Be7 17. Nb3 Kf8 18. Nbc5 Bxc5 19.
Nxc5 Bc8 20. Rd1 Kg7 21. b4 Kg6 22. Rd3 h5 23. Rg3+ Kh6 24. Rc3 Rg8 25. g3 f5 26.
exf5 Bxf5 27. Nxa6 Bg4 28. Rxc6+ Rg6 29. Rxg6+ fxg6 30.
Nxc7 Kg5 31. a4 h4 32. a5 hxg3 33. hxg3 Bc8 34. a6 Kg4 35. b5 1-0

[Event "Live Chess"]
[Site "Chess.com"]
[Date "2023.05.20"]
[Round "-"]
[White "McSlash1"]
[Black "gregor1903"]
[Result "1-0"]
[WhiteElo "2059"]
[BlackElo "1562"]
[TimeControl "300"]
[EndTime "13:06:35 PDT"]
[Termination "McSlash1 won by checkmate"]

1. e4 c5 2. Nf3 Nc6 3. d4 cxd4 4.
Nxd4 g6 5. Nxc6 bxc6 6. Qd4 Nf6 7.
Nc3 d6 8. Bg5 Bg7 9. Qd2 Qb6 10.
Rd1 Bb7 11. g3 Ng4 12. Bh3 Ne5 13. Bg2 h6 14. Bf4 g5 15. Be3 Qc7 16. O-O Ba6 17.
Rfe1 g4 18. Bd4 h5 19. Qg5 Bf6 20. Qf4 h4 21. Bxe5 Bxe5 22. Qxg4 Bc8 23. Qe2 hxg3 24. hxg3 Bh3 25. f4 Bf6 26. e5 dxe5 27. fxe5 Bg5 28.
Bxh3 Rxh3 29. Qg4 Qb6+ 30. Kg2 Rh2+ 31. Kxh2 Qf2+ 32. Kh3 Bh6 33. Qg8+ Bf8 34. Rf1 Qc5 35. Qxf7# 1-0

[Event "Live Chess"]
[Site "Chess.com"]
[Date "2023.05.20"]
[Round "-"]
[White "djw60"]
[Black "raminguy"]
[Result "1-0"]
[WhiteElo "2131"]
[BlackElo "1962"]
[TimeControl "300"]
[EndTime "13:06:40 PDT"]
[Termination "djw60 won by checkmate"]

1. Nf3 Nf6 2. d3 e6 3. e4 d5 4. Nbd2 dxe4 5. dxe4 Bc5 6. Bc4 O-O 7. O-O Nc6 8. c3 a5 9. e5 Ng4 10. Qe2 Rb8 11.
h3 Nh6 12. Ne4 Be7 13. Rd1 Qe8 14. Bxh6 gxh6 15. Nf6+ Bxf6 16. exf6 Kh8 17. Bb5 Rg8 18. Ne5 Rg5 19. Bxc6 bxc6 20. h4 Rg8 21. Rd8 Ba6 22. Rxe8 Bxe2 23. Nxf7# 1-0

[Event "Live Chess"]
[Site "Chess.com"]
[Date "2023.05.20"]
[Round "-"]
[White "Ninifu"]
[Black "chessfiction"]
[Result "0-1"]
[WhiteElo "2017"]
[BlackElo "2422"]
[TimeControl "300"]
[EndTime "13:06:41 PDT"]
[Termination "chessfiction won on time"]

1. d4 d5 2. c4 c6 3. Nf3 Nf6 4. Nc3 e6 5. g3 dxc4 6. Bg2 b5 7. O-O Bb7 8. e4 a6 9. Qe2 Nbd7 10. Rd1 Bb4 11. a3 Bxc3 12. bxc3 O-O 13. e5 Nd5 14. Bd2 N7b6 15. Ng5 h6 16. Ne4 Na4 17. Rac1 Nb2 18.
Rf1 Nd3 19. Rc2 Qa5 20. Qh5 f5 21. Nd6 Qc7 22. Qg6 Kh8 23. Bxh6 gxh6 24. Qxh6+ Qh7 25. Qxh7+ Kxh7 26. Nxb7 f4 27. gxf4 N5xf4 28. f3 Rg8 29. Kh1 Ra7 30. Nc5 Rag7 31. Rg1 Nh3 32. Rf1 Nhf4 33. Rg1 Nxc5 34. dxc5 Nd3 35. Rf1 Nxc5 36. f4 Nd3 37. Be4+ Kh6 38. Rg2 Rxg2 39. Bxg2 c5 40. Be4 Rg4 41. h3 Rh4 42. Kh2 Nxf4 43. Rf3 Kg5 44. Bb7 Rh7 45. Bxa6 Nd3 46. Bxb5 Nxe5 47.
Rg3+ Kf4 0-1

[Event "Live Chess"]
[Site "Chess.com"]
[Date "2023.05.20"]
[Round "-"]
[White "MaksSem"]
[Black "onemoretime1975"]
[Result "1-0"]
[WhiteElo "1420"]
[BlackElo "1892"]
[TimeControl "300"]
[EndTime "13:06:43 PDT"]
[Termination "MaksSem won by checkmate"]

1. e4 e6 2. d4 d5 3. Nc3 Nf6 4. e5 Nfd7 5. Nf3 a6 6. Bd3 c5 7. dxc5 Nxc5 8. O-O Nc6 9. a3 Be7 10. Be3 d4 11. Nxd4 Nxd4 12. Bxd4 Nxd3 13. Qxd3 O-O 14. Be3 Qc7 15. Rad1 b5 16. Qe4 Bb7 17. Qf4 Rfd8 18. Qg3 b4 19. Bh6 g6 20. axb4 Bxb4 21. Qf4 Be7 22. h4 Qc6 23. f3 Qb6+ 24. Kh1 Qxb2 25.
Rxd8+ Rxd8 26. Ne4 Bxe4 27. fxe4 Rf8 28. Bxf8 Bxf8 29. Qxf7+ Kh8 30. Qxf8# 1-0

[Event "Live Chess"]
[Site "Chess.com"]
[Date "2023.05.20"]
[Round "-"]
[White "DenDenTie"]
[Black "SupremeTactician"]
[Result "0-1"]
[WhiteElo "689"]
[BlackElo "2377"]
[TimeControl "300"]
[EndTime "13:06:46 PDT"]
[Termination "SupremeTactician won by resignation"]

1. e4 e5 2. Nf3 Nc6 3. Nc3 Nf6 4. Bc4 Bc5 5. d3 O-O 6. Be3 Bxe3 7. fxe3 d6 8. d4 exd4 9. exd4 Nxe4 10. d5 Nxc3 11.
bxc3 Re8+ 12. Be2 Ne5 13. Kf1 Nxf3 14. Bxf3 Qf6 15. Kf2 Qxc3 16. Rf1 Qc5+ 17. Kg3 Bf5 18. h3 Bxc2 19. Qc1 Bg6 20. Kh2 b6 21. Kh1 Re3 22. Re1 Qxc1 23. Raxc1 Rxe1+ 24. Rxe1 Kf8 25. Rc1 Rc8 26. a4 a5 27. g4 f6 28. Rf1 Re8 29.
Bg2 Be4 30. g5 Bxg2+ 31. Kxg2 Re5 32. gxf6 gxf6 33. Rxf6+ Kg7 34. Rf3 Rxd5 35. Rg3+ Kf6 36. h4 Rd2+ 37. Kh3 d5 38. h5 d4 39. h6 Rc2 40. Rg7 d3 41. Rxh7 Kg6 42. Kg4 Kxh7 43. Kg5 d2 0-1

[Event "Live Chess"]
[Site "Chess.com"]
[Date "2023.05.20"]
[Round "-"]
[White "toog"]
[Black "omisoc"]
[Result "1-0"]
[WhiteElo "2614"]
[BlackElo "2140"]
[TimeControl "300"]
[EndTime "13:06:54 PDT"]
[Termination "toog won on time"]

1. d4 b6 2. e4 e6 3. Bd3 Bb7 4. Nf3 d5 5. e5 c5 6. c3 Ne7 7. O-O Qd7 8. Re1 Ng6 9. h4 h6 10. h5 Ne7 11. a3 a5 12. a4 Ba6 13. Bc2 Nbc6 14. Na3 cxd4 15. cxd4 Nb4 16. Bb1 g6 17. Nb5 Bxb5 18. axb5 Qxb5 19. Bd2 Nf5 20. hxg6 fxg6 21. Bxb4 Bxb4 22. Bc2 O-O 23. Re2 Qd7 24. Nh2 Be7 25.
Ng4 h5 26. Nf6+ Bxf6 27. exf6 Rxf6 28. Re5 Raf8 29. Qd2 Kg7 30. Rae1 Qd6 31. Bxf5 gxf5 32. Qg5+ Rg6 33. Qxh5 Rff6 34. Rc1 f4 35. Rc8 Rf8 36.
Rg5 Rxg5 37. Qxg5+ Kf7 38. Qh5+ Kg7 39. Qg5+ Kf7 40. Rc3 Rg8 41. Qh5+ Ke7 42. Qh4+ Kf7 43. Rf3 Qe7 44. Rxf4+ Ke8 45. Qh5+ Kd8 46. Rf7 Qg5 47. Qxg5+ Rxg5 48. Rb7 Rg4 49. Rxb6 Kd7 50. b4 axb4 51.
Rxb4 Kc6 52. f3 Rg8 53. Kf2 Ra8 54. Rb2 Ra4 55. Ke3 Kd6 56. Rd2 Ra3+ 57. Kf4 Ra4 58. g4 e5+ 59. Ke3 Ke6 60. dxe5 Kxe5 61. f4+ 1-0

[Event "Live Chess"]
[Site "Chess.com"]
[Date "2023.05.20"]
[Round "-"]
[White "f4nomore"]
[Black "Jeffaroow"]
[Result "1-0"]
[WhiteElo "1364"]
[BlackElo "468"]
[TimeControl "300"]
[EndTime "13:07:01 PDT"]
[Termination "f4nomore won by checkmate"]

1. d4 d5 2. Bg5 Nc6 3. c3 f6 4.
Bh4 e5 5. e3 Be7 6. Bb5 Bd7 7.
Ne2 Nh6 8. O-O O-O 9. Nd2 a6 10. Bxc6 Bxc6 11. Bg3 Nf7 12. Nf3 e4 13. Nd2 Ng5 14. f4 exf3 15. Nxf3 Nxf3+ 16. Rxf3 Bd6 17. Nf4 Re8 18. Qf1 g5 19. Nh5 Kh8 20. Nxf6 Rf8 21.
Ng4 Bxg3 22. hxg3 Bd7 23. Ne5 Rxf3 24. Qxf3 Be6 25. Rf1 b5 26. Qh5 Kg8 27. Nf7 Bxf7 28. Qxf7+ Kh8 29. g4 h6 30. Rf6 Qg8 31. Rxh6+ Qh7 32.
Qxh7# 1-0

[Event "Live Chess"]
[Site "Chess.com"]
[Date "2023.05.20"]
[Round "-"]
[White "BostonStrangler"]
[Black "bristolunichess"]
[Result "0-1"]
[WhiteElo "2063"]
[BlackElo "1795"]
[TimeControl "300"]
[EndTime "13:07:13 PDT"]
[Termination "bristolunichess won by resignation"]

1. Nf3 Nf6 2. g3 d5 3. Bg2 c5 4. c4 d4 5. b4 cxb4 6. a3 bxa3 7. Bxa3 Nc6 8. d3 e5 9. Bxf8 Kxf8 10. O-O g6 11. Qb3 Kg7 12. Na3 h6 13. Rfb1 Rb8 14. Nc2 b6 15. Nb4 Na5 16. Qb2 Re8 17. Nd5 Nxd5 18. Rxa5 Nc3 19. Re1 Qc7 20. Raa1 f6 21. e3 Bg4 22. exd4 Bxf3 23. Bxf3 exd4 24.
Rxe8 Rxe8 25. Qa3 a5 26. Qb3 h5 27. h4 Rb8 28. Re1 Qc5 29. Kg2 a4 30. Qb2 b5 31.
cxb5 Rxb5 32. Qd2 a3 33. g4 hxg4 34. Bxg4 a2 35. h5 gxh5 36. Be6 Qg5+ 37. Qxg5+ Rxg5+ 38. Kf3 Ra5 39. Ra1 Kf8 40. Bc4 Ke7 41. Kf4 Kd6 42. f3 Kc5 43. Bb3 Kb4 44. Bc4 Ka3 0-1

[Event "Live Chess"]
[Site "Chess.com"]
[Date "2023.05.20"]
[Round "-"]
[White "Goblinbasher"]
[Black "kevinmilleruk"]
[Result "1-0"]
[WhiteElo "1217"]
[BlackElo "1137"]
[TimeControl "300"]
[EndTime "13:07:13 PDT"]
[Termination "Goblinbasher won by resignation"]

1. e4 e5 2. Nc3 Nf6 3. f4 exf4 4. e5 Ng8 5. Nf3 g5 6. h4 f6 7. exf6 Nxf6 8. Bc4 Qe7+ 9. Ne2 d5 10. Bb3 c5 11. d4 c4 12. Ba4+ Bd7 13. Bxd7+ Nbxd7 14. Nxg5 Bg7 15. c3 Ne4 16. Nxe4 dxe4 17. Nxf4 Bh6 18. g3 O-O-O 19. Be3 Nf6 20. Qe2 Bxf4 21. gxf4 Nd5 22. Qxc4+ Kb8 23. Qe2 Nxe3 24. Qxe3 h5 25. O-O-O Rde8 26. Kb1 a6 27. c4 Rhg8 28. d5 Qb4 29. c5 Rg2 30. Qb3 Qxc5 31. d6 e3 32. Rhe1 e2 33. d7 Rd8 34. Rd2 Qf2 35. Rdxe2 Qxe2 36. Rxe2 Rxe2 37. Qd3 Rh2 38. a3 Kc7 39. f5 Rxd7 40. Qg3+ Kd8 41. Qxh2 Rd1+ 42. Ka2 Rf1 43. Qe5 b5 44. f6 b4 45. axb4 a5 46. bxa5 Ra1+ 1-0

[Event "Live Chess"]
[Site "Chess.com"]
[Date "2023.05.20"]
[Round "-"]
[White "DerbyKnight"]
[Black "mightysmasher"]
[Result "0-1"]
[WhiteElo "1541"]
[BlackElo "2125"]
[TimeControl "300"]
[EndTime "13:07:38 PDT"]
[Termination "mightysmasher won by resignation"]

1. e4 e6 2. d4 d5 3. exd5 exd5 4. Nf3 Nf6 5. Bd3 Bd6 6. Qe2+ Be6 7. O-O O-O 8. Ne5 c5 9. c3 Nc6 10. dxc5 Bxe5 11.
b4 a6 12. a4 Bc7 13. Bb2 Ne5 14. Bc2 Nc4 15. Bc1 Qb8 16. h3 h6 17. Nd2 Re8 18.
Qf3 Nxd2 19. Bxd2 Ne4 20. Be3 Be5 21. Bd4 Bxd4 22. cxd4 Qd8 23. Rad1 Qd7 24. Rfe1 Ng5 25. Qg3 Ne4 26. Bxe4 dxe4 27. Rxe4 Qxa4 28. Rde1 Qxb4 29. d5 Qxc5 30. dxe6 Rxe6 31. Rxe6 fxe6 32. Rxe6 Rf8 33. Rg6 Rf7 34. Rxh6 Rxf2 35. Qb8+ Rf8+ 0-1

[Event "Live Chess"]
[Site "Chess.com"]
[Date "2023.05.20"]
[Round "-"]
[White "TheSmoulderingMaster"]
[Black "Wild_Tiger"]
[Result "1-0"]
[WhiteElo "1750"]
[BlackElo "1056"]
[TimeControl "300"]
[EndTime "13:08:06 PDT"]
[Termination "TheSmoulderingMaster won by checkmate"]

1. e4 e5 2. Nf3 Nc6 3. Bb5 a6 4. Ba4 b5 5. Bb3 Bb4 6. O-O Nf6 7. c3 Bd6 8. d4 Nxe4 9. Re1 Nf6 10. dxe5 Nxe5 11. Nxe5 Bxe5 12. Rxe5+ Kf8 13. Bg5 d6 14. Re3 h6 15. Bh4 g5 16. Bg3 Ng4 17. Rf3 Kg7 18.
Rxf7+ Kg6 19. Qd3+ Bf5 20. Qxf5+ Kh5 21. Bd1 Rf8 22. Bxg4# 1-0

[Event "Live Chess"]
[Site "Chess.com"]
[Date "2023.05.20"]
[Round "-"]
[White "Richardallis"]
[Black "ExIsambard"]
[Result "1-0"]
[WhiteElo "1812"]
[BlackElo "1991"]
[TimeControl "300"]
[EndTime "13:08:15 PDT"]
[Termination "Richardallis won by resignation"]

1. d4 Nf6 2. Nf3 d5 3. Bg5 c6 4. c3 e6 5. Nbd2 Bd6 6. e4 dxe4 7. Nxe4 Be7 8. Bxf6 gxf6 9. Bd3 Nd7 10. O-O Qa5 11.
Re1 h6 12. Qe2 f5 13. Ng3 Nf6 14. Bxf5 Nd5 15. Bd3 Bd7 16. Ne5 Nf4 17. Qf3 Nxd3 18. Qxd3 Bd6 19. b4 Qc7 20. f4 a5 21. a3 Be7 22. Ne4 f5 23. Ng3 O-O-O 24. Nf7 Rdf8 25. Nxh8 Rxh8 26. Nxf5 Bf6 27. Ng3 Qxf4 28. Rf1 Qg5 29. Ne4 1-0

[Event "Live Chess"]
[Site "Chess.com"]
[Date "2023.05.20"]
[Round "-"]
[White "OSmith06"]
[Black "Ian-Morley"]
[Result "1-0"]
[WhiteElo "1664"]
[BlackElo "975"]
[TimeControl "300"]
[EndTime "13:08:17 PDT"]
[Termination "OSmith06 won by checkmate"]

1. e4 d5 2. exd5 Qxd5 3. Nf3 Qe6+ 4. Qe2 Qxe2+ 5. Bxe2 Bd7 6. c4 Nc6 7. d4 e6 8. Nc3 Bb4 9. Bd2 Bxc3 10. Bxc3 O-O-O 11. O-O Nge7 12. a4 Nf5 13. b4 Nce7 14. b5 b6 15. a5 Kb7 16. axb6 cxb6 17. Ra2 Ng6 18. Rfa1 Ra8 19. Ne5 Nxe5 20. dxe5 Kc7 21. Bf3 Rab8 22. Rxa7+ Kd8 23. Rd1 Ke7 24. Rdxd7+ Kf8 25. Rxf7+ Kg8 26.
Rxf5 exf5 27. Bd5+ Kf8 28. Bb4+ Ke8 29. Bf7+ Kd8 30. Be7+ Kc8 31. Be6# 1-0

[Event "Live Chess"]
[Site "Chess.com"]
[Date "2023.05.20"]
[Round "-"]
[White "JormaIbo"]
[Black "Greenbecker"]
[Result "0-1"]
[WhiteElo "420"]
[BlackElo "1626"]
[TimeControl "300"]
[EndTime "13:08:18 PDT"]
[Termination "Greenbecker won by resignation"]

1. e4 e6 2. Nc3 d5 3. exd5 exd5 4.
d4 Nf6 5. Bf4 Bb4 6. Bd2 O-O 7.
Nf3 Re8+ 8. Ne5 Nc6 9. Bb5 Bd7 10.
O-O Nxe5 11. dxe5 Rxe5 12. Bxd7 Qxd7 13. a3 Bxc3 14. Bxc3 Re6 15. Re1 Rae8 16. Rxe6 Qxe6 17. Qd4 Qe4 18. Qxa7 d4 19. Bb4 Nd5 20. Qxb7 Nxb4 21. Qxb4 Qxc2 22. Re1 Rxe1+ 23. Qxe1 Qc6 24. h3 h6 25. Qe5 Qc1+ 26. Kh2 Qxb2 27. a4 Qb6 28. a5 Qa7 29. g4 c5 30. Qe8+ Kh7 31. Qxf7 Qxf7 0-1

[Event "Live Chess"]
[Site "Chess.com"]
[Date "2023.05.20"]
[Round "-"]
[White "friarnator"]
[Black "fso"]
[Result "0-1"]
[WhiteElo "1987"]
[BlackElo "2263"]
[TimeControl "300"]
[EndTime "13:08:21 PDT"]
[Termination "fso won by resignation"]

1. d4 Nf6 2. Nc3 e5 3. dxe5 Ng4 4. Nf3 Nc6 5. Bf4 Bb4 6. e3 Qe7 7. Be2 Ngxe5 8. O-O Bxc3 9. bxc3 O-O 10. Nxe5 Nxe5 11. Qd4 d6 12. c4 b6 13. a4 a5 14. Rfd1 Bb7 15. Bxe5 dxe5 16. Qd7 Qc5 17. h4 h6 18. Bd3 Bc8 19. Qd5 Qxd5 20. cxd5 Bb7 21. e4 Rad8 22.
c4 Rd6 23. Rab1 Ba6 24. Kf1 c6 25. Ke2 cxd5 26. cxd5 Bxd3+ 27. Rxd3 f5 28. f3 fxe4 29. fxe4 Rf4 30. Ke3 Rxh4 31. Rdb3 Rg6 32. Rxb6 Rxg2 33. Kf3 Rhg4 0-1

[Event "Live Chess"]
[Site "Chess.com"]
[Date "2023.05.20"]
[Round "-"]
[White "Hacker_2009"]
[Black "Woodpusher500"]
[Result "1-0"]
[WhiteElo "1909"]
[BlackElo "1280"]
[TimeControl "300"]
[EndTime "13:08:21 PDT"]
[Termination "Hacker_2009 won by resignation"]

1. d4 c5 2. Nf3 cxd4 3. Nxd4 e5 4.
Nf3 Nc6 5. e3 d5 6. c4 Nf6 7.
cxd5 Nxd5 8. Bc4 Be6 9. b3 e4 10. Nd4 Nxd4 11. Qxd4 f5 12. O-O Rc8 13. Bb2 Qe7 14.
Bxd5 Bxd5 15. Qxd5 Rd8 16. Qb5+ Kf7 17. Qxf5+ Qf6 18. Bxf6 1-0

[Event "Live Chess"]
[Site "Chess.com"]
[Date "2023.05.20"]
[Round "-"]
[White "ZombieChainsaw"]
[Black "sup3rm0nk3y"]
[Result "1-0"]
[WhiteElo "1863"]
[BlackElo "1319"]
[TimeControl "300"]
[EndTime "13:08:27 PDT"]
[Termination "ZombieChainsaw won by checkmate"]

1. e4 c5 2. Nf3 Nc6 3. d3 e6 4. g3 d5 5. Qe2 dxe4 6. dxe4 Bd6 7. Bg2 Nge7 8. O-O O-O 9. Rd1 Qc7 10. c3 Be5 11. Nxe5 Nxe5 12. f4 N5g6 13. Be3 b6 14. h4 Rb8 15. h5 Nh8 16. Nd2 f5 17. a4 Nf7 18. Bf2 Bb7 19. Rac1 a5 20. b4 axb4 21.
cxb4 Bc6 22. b5 Bb7 23. Nc4 Rfd8 24. Kh2 Nd6 25. Nxd6 Rxd6 26. Qc4 Rbd8 27. Rxd6 Rxd6 28. a5 Qd7 29. axb6 Rxb6 30. Bxc5 Rxb5 31. Bxe7 fxe4 32. Ba3 e3 33. Bxb7 Qxb7 34. Qc8+ Qxc8 35. Rxc8+ Kf7 36.
Rf8# 1-0

[Event "Live Chess"]
[Site "Chess.com"]
[Date "2023.05.20"]
[Round "-"]
[White "Conradical12"]
[Black "seabuck"]
[Result "0-1"]
[WhiteElo "1576"]
[BlackElo "1860"]
[TimeControl "300"]
[EndTime "13:08:33 PDT"]
[Termination "seabuck won by resignation"]

1. e4 c6 2. d4 d5 3. f3 g6 4. Nc3 Bg7 5. Be3 dxe4 6. Nxe4 Nf6 7. Nc3 Nbd7 8. Qd2 O-O 9. O-O-O b5 10. h4 b4 11. Nce2 a5 12. g4 Ba6 13. h5 Bxe2 14.
Nxe2 a4 15. hxg6 fxg6 16. Nf4 Qa5 17. Ne6 Rf7 18. Bc4 Nd5 19. Qh2 N7f6 20. g5 Nh5 21. Bxd5 Qxd5 22. Nf4 Nxf4 23. Bxf4 Qxf3 24. Be5 Bxe5 25.
dxe5 b3 26. a3 Qe3+ 27. Rd2 Qxg5 28. e6 Rg7 29. c3 Rd8 30. Rd1 h5 31. Kb1 Rxd2 32.
Rxd2 Qf5+ 33. Kc1 Qxe6 0-1

[Event "Live Chess"]
[Site "Chess.com"]
[Date "2023.05.20"]
[Round "-"]
[White "SavagePawn7"]
[Black "JanMur7"]
[Result "0-1"]
[WhiteElo "793"]
[BlackElo "1943"]
[TimeControl "300"]
[EndTime "13:08:39 PDT"]
[Termination "JanMur7 won by resignation"]

1. e4 e5 2. d4 exd4 3. c3 d3 4. Bxd3 Nc6 5. Nf3 Bc5 6. O-O d6 7. Re1 Nf6 8. Bg5 h6 9. Bxf6 Qxf6 10. b4 Bb6 11. Nbd2 Bg4 12. Bc4 Ne5 13. Re3 Bxe3 14. fxe3 Nxc4 15. Nxc4 Qxc3 16. Rc1 Qf6 17. e5 dxe5 18.
Ncxe5 Bxf3 19. Qd7+ Kf8 20. Nxf3 Qe7 21. Qxe7+ Kxe7 22. Rxc7+ Kf6 23. Rxb7 Rhb8 24. Rxb8 Rxb8 25. Nd4 Rxb4 26.
Nc6 Rb1+ 27. Kf2 Rb2+ 28. Kf3 Rxa2 29. h4 a5 30. g4 a4 31. Nd4 a3 32. e4 Rh2 33.
g5+ hxg5 34. hxg5+ Kxg5 0-1

[Event "Live Chess"]
[Site "Chess.com"]
[Date "2023.05.20"]
[Round "-"]
[White "reshmiramachandran"]
[Black "SiDebanks"]
[Result "0-1"]
[WhiteElo "510"]
[BlackElo "1372"]
[TimeControl "300"]
[EndTime "13:08:41 PDT"]
[Termination "SiDebanks won by checkmate"]

1. e4 c6 2. Nf3 d5 3. exd5 cxd5 4. d4 Nc6 5. Bb5 Bg4 6. Nc3 e6 7. Bf4 a6 8. Bxc6+ bxc6 9. O-O Nf6 10. Bg5 h6 11.
Bh4 Be7 12. h3 Bf5 13. Bg3 Nh5 14. Bh2 Bd6 15. Bxd6 Qxd6 16. Ne5 Nf6 17. f4 Ne4 18.
g4 Nxc3 19. bxc3 Be4 20. Rb1 O-O 21. Rb6 Rfc8 22. Qd2 f6 23. Nd3 Qc7 24. Rb2 Kf7 25. f5 Qg3+ 26. Qg2 Qxg2# 0-1

[Event "Live Chess"]
[Site "Chess.com"]
[Date "2023.05.20"]
[Round "-"]
[White "Vladyslav2008"]
[Black "Salpingidis"]
[Result "1-0"]
[WhiteElo "2170"]
[BlackElo "2251"]
[TimeControl "300"]
[EndTime "13:08:41 PDT"]
[Termination "Vladyslav2008 won by resignation"]

1. d4 e6 2. c4 d5 3. Nf3 Nf6 4. e3 Be7 5. Nbd2 O-O 6. Bd3 b6 7. O-O Bb7 8. b3 Nbd7 9. Bb2 c5 10. Qe2 cxd4 11. exd4 dxc4 12. bxc4 Rc8 13. Rac1 Qc7 14. Rfe1 Qb8 15. Ne5 Qa8 16. Ndf3 Nxe5 17. dxe5 Nd7 18. Bb1 Nc5 19. Red1 Rfd8 20. Ne1 Rxd1 21. Rxd1 Rd8 22.
Rc1 Ne4 23. Nd3 Qc8 24. Qc2 Qc6 25. f3 Nc5 26. Nb4 Nd3 27. Nxc6 Bxc6 28. Rd1 Bc5+ 29.
Kf1 1-0

[Event "Live Chess"]
[Site "Chess.com"]
[Date "2023.05.20"]
[Round "-"]
[White "Geomorph"]
[Black "FlyingChessKestrel13"]
[Result "0-1"]
[WhiteElo "1244"]
[BlackElo "2129"]
[TimeControl "300"]
[EndTime "13:08:44 PDT"]
[Termination "FlyingChessKestrel13 won by checkmate"]

1. e4 c5 2. Nf3 Nc6 3. Bb5 e6 4. O-O a6 5. Bxc6 bxc6 6. d4 cxd4 7. Qxd4 Nf6 8. Bg5 Be7 9. Nc3 O-O 10. Rad1 d5 11.
exd5 exd5 12. Ne5 Qc7 13. Rfe1 Be6 14. Bf4 c5 15. Qd2 Bd6 16. a3 d4 17. Na4 Nd5 18.
c4 Nxf4 19. Qxf4 f6 20. Qe4 fxe5 21. g3 Kh8 22. f4 Bf5 23. Qd5 e4 24. b4 Bg4 25.
Rc1 Bf3 26. bxc5 Bxf4 27. gxf4 Qxf4 28. Nb6 Qg4+ 29. Kf2 Qg2# 0-1

[Event "Live Chess"]
[Site "Chess.com"]
[Date "2023.05.20"]
[Round "-"]
[White "whitedjohn"]
[Black "zdanevych"]
[Result "0-1"]
[WhiteElo "1645"]
[BlackElo "1533"]
[TimeControl "300"]
[EndTime "13:08:54 PDT"]
[Termination "zdanevych won by checkmate"]

1. e4 d5 2. exd5 c6 3. dxc6 Nxc6 4. Nf3 a6 5. d4 e6 6. Bc4 h6 7. O-O Nf6 8. Bf4 Be7 9. Nc3 O-O 10. Re1 b5 11. Bb3 Bb7 12. d5 Nxd5 13. Nxd5 exd5 14. Bxd5 Bf6 15. c3 Qb6 16. Be3 Qc7 17. Bc5 Rfd8 18. Qb3 Na5 19. Bxb7 Nxb3 20. Bxa8 Rxa8 21. axb3 Qxc5 22.
Re3 b4 23. c4 Bxb2 24. Rb1 Bc3 25. Rd1 a5 26. Rd7 a4 27. Ree7 axb3 28. Rxf7 b2 29. Nd2 Ra1+ 30. Nf1 b1=Q 31. Rxg7+ Bxg7 32. Rxg7+ Kxg7 33. Kh1 Qxf1# 0-1

[Event "Live Chess"]
[Site "Chess.com"]
[Date "2023.05.20"]
[Round "-"]
[White "KGreenGator"]
[Black "OceanFloater"]
[Result "1-0"]
[WhiteElo "1787"]
[BlackElo "998"]
[TimeControl "300"]
[EndTime "13:08:58 PDT"]
[Termination "KGreenGator won by checkmate"]

1. c4 c6 2. Nc3 d5 3. d4 dxc4 4. e4 Nf6 5. Bxc4 e6 6. Nf3 b5 7.
Bb3 a5 8. a3 a4 9. Ba2 c5 10.
Nxb5 Nxe4 11. O-O Qb6 12. Bc4 Ba6 13. Qd3 Nd6 14. Nxd6+ Qxd6 15. Bxa6 Rxa6 16. Be3 Qb6 17. dxc5 Bxc5 18. Bxc5 Qxc5 19. Rfd1 O-O 20. Rac1 Qd5 21.
Qxd5 exd5 22. Rxd5 Rc6 23. Rxc6 Nxc6 24. h3 h6 25. Rc5 Ne7 26. Ra5 Rd8 27. Rxa4 Rd1+ 28. Kh2 Rb1 29. b4 Ra1 30. Ra7 Nd5 31. Ra8+ Kh7 32.
g3 Nf6 33. Kg2 Ne4 34. Re8 Nf6 35. Re7 Rxa3 36. Rxf7 Rb3 37. Rb7 Rb2 38. Ne1 Ne4 39. Nd3 Rd2 40. Kf3 Ng5+ 41. Ke3 Rc2 42. h4 Ne6 43. b5 Nc5 44. Nxc5 Rxc5 45. b6 Rb5 46. Rb8 Kg6 47. b7 Kf6 48. Rf8+ Kg6 49. b8=Q Rxb8 50. Rxb8 Kf5 51. Rb7 g6 52. f3 h5 53. Rb5+ Kf6 54. Kf4 Ke6 55. Rb6+ Kf7 56. Kg5 Kg7 57. Rb7+ Kf8 58.
Kxg6 Ke8 59. Kf6 Kd8 60. Ke6 Kc8 61. Rd7 Kb8 62. Kd6 Kc8 63. Kc6 Kb8 64. Rc7 Ka8 65.
Kb6 Kb8 66. Rc6 Ka8 67. Rc8# 1-0

[Event "Live Chess"]
[Site "Chess.com"]
[Date "2023.05.20"]
[Round "-"]
[White "EdenHazard8"]
[Black "fretle"]
[Result "1-0"]
[WhiteElo "2087"]
[BlackElo "1847"]
[TimeControl "300"]
[EndTime "13:09:09 PDT"]
[Termination "EdenHazard8 won by resignation"]

1. e4 e6 2. d4 b6 3. Bd3 Bb7 4. Nd2 Nf6 5. f4 d5 6. e5 Ng8 7. c3 Ne7 8. Ngf3 c5 9. Nf1 Nec6 10. Ng3 Ba6 11. Bxa6 Nxa6 12. O-O Be7 13. f5 Qd7 14. Nh5 O-O-O 15. Ng5 Rdf8 16. Nxg7 exf5 17. Nxf5 Bxg5 18.
Bxg5 Rhg8 19. Nd6+ Kb8 20. Bh6 Nc7 21. Bxf8 Rxf8 22.
Qh5 Nd8 23. Qxh7 Nce6 24. Qf5 Nb7 25. Nxb7 Kxb7 26. Rf2 cxd4 27. cxd4 Qa4 28. Qh7 Qxd4 29. Rf1 Ng5 30. Qg7 Ne6 31. Qg3 Ka8 32. Kh1 Nc5 33.
Rxf7 Rb8 34. Qg7 1-0